Map: Ley Lines

Players

Moja

  • Race: Terran Terran
  • League: Grandmaster
  • Spawn Location: 1:00

Spirit (souL) - Winner!

  • Race: Terran Terran
  • League: Master
  • Spawn Location: 7:00

Event: HomeStory Cup XXVI

VOD

Have the link to the VOD?

Description

Time

  • Played on: Nov. 29, 2024, 12:07 p.m.
  • Length: 11:07
Show
View Real Time Build Order
Export as new Build Order

Moja Terran 

Build Orders: Cyclone Opening 

Get SALT Encoding   

  12  0:00  SCV  
  13  0:12  SCV  
  14  0:16  Supply Depot  
  14  0:24  SCV  
  15  0:38  SCV, Barracks  
  16  0:43  Refinery  
  16  0:50  SCV  
  16  0:52  Refinery  
  17  1:02  SCV  
  18  1:14  SCV  
  19  1:25  Reaper  
  20  1:26  Orbital Command  
  20  1:33  Supply Depot  
  20  1:40  Factory  
  20  1:52  SCV  
  21  1:57  Reaper  
  22  2:04  SCV  
  23  2:14  Command Center  
  23  2:18  SCV  
  24  2:24  Hellion  
  24  2:29  Barracks Tech Lab  
  26  2:30  SCV  
  26  2:36  Supply Depot  
  27  2:42  SCV  
  28  2:51  Cyclone  
  31  2:53  Barracks Reactor  
  31  2:58  SCV  
  32  3:01  Starport  
  32  3:10  SCV  
  33  3:16  Refinery  
  33  3:22  SCV  
  33  3:23  Siege Tank  
  33  3:26  Orbital Command  
  37  3:29  Marine  
  38  3:38  SCV  
  38  3:41  Starport Tech Lab  
  38  3:47  Marine x2  
  40  3:50  SCV  
  40  3:52  SCV  
  42  4:01  Raven, Interference Matrix  
  42  4:02  SCV  
  45  4:04  SCV  
  45  4:08  Supply Depot  
  46  4:13  Siege Tank  
  46  4:14  SCV  
  46  4:17  SCV  
  51  4:18  Marine x2  
  51  4:21  Supply Depot  
  53  4:28  SCV  
  53  4:30  SCV  
  55  4:35  Raven  
  57  4:39  Marine x2  
  57  4:40  SCV  
  57  4:42  SCV  
  61  4:49  Siege Tank  
  61  4:52  Supply Depot, SCV  
  65  4:53  Supply Depot  
  65  4:54  SCV  
  66  5:13  Command Center  
  66  5:14  Raven, SCV x2  
  70  5:26  SCV x2  
  72  5:36  Barracks  
  72  5:37  Barracks  
  72  5:38  SCV x2, Factory Reactor  
  72  5:39  Stimpack  
  72  5:42  Supply Depot  
  74  5:49  Refinery  
  74  5:50  SCV x2  
  74  5:56  Starport Reactor  
  76  6:00  Engineering Bay x2  
  76  6:02  SCV x2  
  78  6:06  Marine  
  79  6:14  SCV x2  
  80  6:24  Marine x3  
  80  6:25  Orbital Command  
  83  6:27  SCV, Barracks  
  83  6:28  Siege Tank  
  83  6:29  SCV  
  83  6:30  Terran Infantry Weapons Level 1, Barracks, Terran Infantry Armor Level 1  
  83  6:32  Marine x2  
  87  6:42  Marine  
  87  6:43  SCV  
  87  6:51  SCV  
  87  6:53  Marine x2  
  87  6:55  Marine x2  
  87  6:59  Orbital Command, Marine  
  84  7:10  SCV  
  84  7:11  Marine x2  
  84  7:12  Siege Tank, Marine  
  84  7:13  Medivac  
  91  7:29  Marine  
  94  7:30  Barracks Reactor  
  94  7:31  Barracks Reactor  
  94  7:32  Marine x2  
  94  7:36  Marine  
  95  7:38  SCV x2  
  97  7:46  SCV  
  97  7:50  SCV, Marine x2  
  101  7:55  Supply Depot  
  101  7:56  Supply Depot x2, Combat Shield  
  101  7:58  Supply Depot  
  101  8:16  Marine  
  101  8:17  SCV x3, Siege Tank, Medivac  
  107  8:21  Marine x2  
  107  8:24  Marine  
  107  8:25  Marine x2  
  107  8:26  Marine x2  
  114  8:31  Armory  
  114  8:34  Medivac  
  116  8:46  Marine  
  116  8:47  Marine x2  
  75  8:48  Medivac  
  119  8:49  Siege Tank  
  124  8:58  Marine x2  
  124  9:00  Marine x2  
  124  9:01  SCV  
  124  9:02  SCV  
  126  9:04  Command Center, Medivac  
  128  9:19  Marine  
  128  9:20  Marine x3  
  128  9:21  Marine  
  133  9:25  Supply Depot, Marine  
  133  9:26  Supply Depot  
  133  9:27  Marine x2  
  133  9:28  Supply Depot x2, Siege Tank  
  139  9:38  Marine x3  
  124  9:41  Marine  
  124  9:42  Marine x2  
  124  9:44  SCV x2  
  127  9:49  Medivac  
  127  9:50  Medivac  
  130  9:58  Marine  
  130  9:59  Marine  
  129  10:02  Marine x3  
  117  10:16  Marine x2  
  117  10:19  Marine x3  
  117  10:20  Siege Tank  
  112  10:33  Marine x2  
  112  10:40  Command Center  
  112  10:49  Marine x2  
Show
View Real Time Build Order
Export as new Build Order

Spirit Terran - Winner!

Build Orders:  

Get SALT Encoding   

  12  0:00  SCV  
  13  0:12  SCV  
  14  0:16  Supply Depot  
  14  0:24  SCV  
  15  0:38  SCV  
  15  0:40  Barracks  
  16  0:44  Refinery  
  16  0:50  SCV  
  16  0:55  Refinery  
  17  1:02  SCV  
  18  1:14  SCV  
  19  1:27  Orbital Command, Reaper  
  20  1:33  Supply Depot  
  20  1:43  Factory  
  20  1:53  SCV  
  21  2:00  Barracks Reactor  
  21  2:05  SCV  
  22  2:17  Command Center  
  22  2:19  SCV  
  23  2:27  Hellion  
  25  2:31  SCV  
  25  2:36  Reaper x2  
  28  2:42  Supply Depot  
  28  2:43  SCV  
  29  2:48  Hellion  
  31  2:56  Starport  
  31  3:03  SCV  
  32  3:07  Marine x2  
  32  3:10  Factory Tech Lab  
  34  3:15  SCV  
  35  3:25  Marine x2  
  37  3:27  SCV  
  37  3:29  Siege Tank  
  37  3:32  Orbital Command  
  41  3:41  SCV  
  39  3:42  Medivac  
  39  3:43  Marine  
  39  3:45  Refinery  
  39  3:46  Marine  
  43  3:52  Supply Depot  
  43  3:54  SCV  
  44  3:58  SCV  
  45  4:06  SCV  
  45  4:07  Cyclone  
  49  4:10  SCV  
  49  4:11  Marine  
  49  4:14  Starport Tech Lab  
  51  4:18  SCV  
  51  4:22  SCV  
  53  4:24  Supply Depot  
  53  4:30  SCV  
  54  4:34  Raven, SCV, Interference Matrix  
  54  4:35  Marine x2  
  59  4:42  SCV  
  60  4:46  SCV  
  60  4:52  Siege Tank, Marine  
  64  4:55  SCV  
  64  4:58  SCV  
  67  5:05  Command Center  
  67  5:07  SCV  
  68  5:08  Raven  
  68  5:12  Supply Depot  
  68  5:13  Supply Depot  
  70  5:26  SCV x2, Marine  
  70  5:34  Siege Tank  
  74  5:38  Barracks  
  74  5:39  SCV, Refinery  
  74  5:40  Barracks  
  75  5:43  SCV  
  75  5:46  Supply Depot  
  75  5:51  SCV, Engineering Bay  
  75  5:52  Engineering Bay  
  75  5:56  Viking  
  78  6:04  Viking  
  78  6:05  Marine  
  78  6:06  SCV  
  78  6:09  SCV  
  85  6:18  SCV  
  85  6:20  Terran Infantry Weapons Level 1, Terran Infantry Armor Level 1  
  85  6:23  Marine  
  85  6:24  SCV  
  88  6:28  Barracks Reactor  
  88  6:29  Sensor Tower  
  88  6:30  Stimpack  
  88  6:31  SCV, Barracks Reactor  
  86  6:35  Barracks  
  86  6:36  SCV  
  87  6:40  SCV  
  87  6:42  Viking x2  
  87  6:43  SCV  
  93  6:47  Marine  
  93  6:48  SCV  
  93  6:55  SCV  
  94  7:01  Orbital Command  
  94  7:02  Siege Tank  
  94  7:05  Marine x2  
  94  7:06  SCV  
  97  7:09  SCV, Marine  
  97  7:12  Marine x2, Viking x2  
  104  7:16  Missile Turret  
  104  7:18  SCV  
  104  7:23  SCV, Marine, Armory  
  104  7:24  Supply Depot  
  104  7:26  Marine  
  106  7:31  Marine x4  
  108  7:40  Marine  
  109  7:46  Marine, Liberator x2  
  109  7:49  Marine  
  109  7:50  Supply Depot  
  117  7:53  Supply Depot  
  117  8:07  Barracks Reactor  
  117  8:11  Marine x2  
  117  8:12  SCV, Marine x2, Siege Tank  
  125  8:14  SCV, Marine  
  125  8:18  Combat Shield, Supply Depot  
  123  8:24  SCV  
  123  8:26  SCV  
  125  8:29  Marine x4  
  125  8:32  Marine  
  125  8:33  Medivac  
  132  8:36  Medivac  
  132  8:39  SCV  
  135  8:44  Orbital Command  
  135  8:47  Marine x2  
  137  8:49  Marine  
  137  8:53  Marine  
  137  8:55  SCV  
  140  8:58  Marine x3  
  140  9:03  Medivac  
  140  9:05  Marine x2  
  140  9:07  Marine  
  140  9:08  Medivac  
  147  9:11  SCV, Marine  
  149  9:22  SCV, Marine x3  
  149  9:23  Supply Depot, Marine x2  
  149  9:24  Barracks  
  155  9:28  Marine  
  155  9:29  Marine  
  157  9:36  SCV  
  156  9:40  Marine  
  156  9:45  SCV, Marine x3, Medivac x2  
  165  10:06  Marine  
  165  10:09  SCV, Marine x5  
  165  10:13  Marine  
  165  10:15  Medivac  
  143  10:23  Siege Tank  
  143  10:24  Marine  
  143  10:27  Marine x5  
  150  10:31  Marine  
  150  10:42  Marine  
  151  10:45  Marine x5  
  151  10:48  Marine  
  157  10:53  Sensor Tower  
Tags
 
Add a new tag
Caveats
  • Supply blocks, unpowered buildings, or Contaminate may cause inaccurate times.
  • Supply counts are checked every 10 seconds.